 Dungeon Crawl Stone Soup version 0.28-a0-422-gd71735cc25 (webtiles) character file.

Game seed: 13144556563117758442

122 Sweetruy1997 the Chopper (level 4, -1/40 HPs)
             Began as a Minotaur Berserker on Sept 8, 2021.
             Was a Priest of Trog.
             Killed by nerve-wracking pain
             ... invoked by Grinder
              (6 damage)
             ... on level 3 of the Dungeon.
             The game lasted 00:05:02 (2103 turns).

Sweetruy1997 the Chopper (Minotaur Berserker)       Turns: 2103, Time: 00:05:02

Health: -1/40      AC:  5    Str: 22    XL:     4   Next: 78%
Magic:  3/3        EV: 12    Int:  4    God:    Trog [***...]
Gold:   22         SH:  0    Dex: 10    Spells: 3/3 levels left

rFire   . . .      SeeInvis .   a - +0 hand axe
rCold   . . .      Faith    .   (no shield)
rNeg    . . .      Spirit   .   f - +0 leather armour
rPois   .          Reflect  .   (helmet restricted)
rElec   .          Harm     .   (no cloak)
rCorr   .          Rampage  .   d - +0 pair of gloves
Will    .....                   e - +0 pair of boots
Stlth   +.........              (no amulet)
HPRegen 0.13/turn               i - ring of flight
MPRegen 0.08/turn               (no ring)

@: on berserk cooldown, flying, slowed, very slow
A: horns 2, retaliatory headbutt
a: Renounce Religion, Berserk, Trog's Hand


You were on level 3 of the Dungeon.
You worshipped Trog.
Trog was most pleased with you.
You visited 1 branch of the dungeon, and saw 3 of its levels.

You collected 22 gold pieces.

Inventory:

Hand Weapons
 a - a +0 hand axe (weapon)
Missiles
 c - 6 javelins (quivered)
Armour
 d - a +0 pair of gloves (worn)
 e - a +0 pair of boots (worn)
 f - a +0 leather armour (worn)
Jewellery
 i - a ring of flight (left hand)
Scrolls
 b - a scroll of fear {unknown}
 h - a scroll of summoning {unknown}
 j - a scroll of fog
 k - a scroll of blinking {unknown}
Potions
 g - a potion of invisibility {unknown}
 l - a potion of magic {unknown}


   Skills:
 - Level 4.0 Fighting
 + Level 5.0 Axes
 + Level 1.9 Throwing
 - Level 3.0 Armour
 - Level 3.0 Dodging
 + Level 0.4 Stealth


You had 3 spell levels left.
You didn't know any spells.
Your spell library was empty.

Dungeon Overview and Level Annotations

Branches:
Dungeon (3/15)

Altars:
Uskayaw

Annotations:
D:3 Grinder


Innate Abilities, Weirdness & Mutations

You have a pair of horns on your head.
You reflexively headbutt those who attack you in melee.


Message History

You kill the adder!
Trog accepts your kill.
Your Axes skill increases to level 5!
You hear the slow rusting of a distant drain.
You see here an adder corpse.
Found 14 gold pieces.
Grinder comes into view.
Grinder shouts!
A red film seems to cover your vision as you go berserk!
You feel yourself moving faster!
You feel mighty!
You closely miss Grinder. Grinder closely misses you.
You completely miss Grinder. Grinder closely misses you.
You hit Grinder.
Grinder is lightly wounded.
You closely miss Grinder. Your headbutt misses Grinder.
Grinder is lightly wounded.
Grinder blinks!
Grinder gestures at you. Pain shoots through your body!
You feel a strong urge to attack something.
You are no longer berserk.
You are exhausted.
You feel yourself slow down. Grinder misses you. You furiously retaliate!
You headbutt Grinder! You closely miss Grinder. Your headbutt misses Grinder.
Grinder is moderately wounded.
Grinder blinks!
Grinder says, "You look like you could use a good racking."
You completely miss Grinder. Your headbutt misses Grinder.
Grinder is moderately wounded.
Grinder hits you!
You writhe in agony.
Grinder hits you.
You writhe in agony.
You hit Grinder but do no damage.
Grinder is moderately wounded.
Grinder hits you.
* * * LOW HITPOINT WARNING * * *
You writhe in agony.
* * * LOW HITPOINT WARNING * * *
Grinder gestures at you. Pain shoots through your body!
You die...

....... .....##
......#
......#.####
......# ...#
......####.########
.....†............#
.....#####.....$..#
....## #......@.#
##### #......5.#
#........#
#........#
#........#
#........#
##########


You could see Grinder.

Vanquished Creatures
  4 adders
  2 worms
  4 dart slugs
  An orc (D:3)
  4 ball pythons
  A bat (D:1)
  6 endoplasms
  2 giant cockroaches (D:1)
  2 hobgoblins (D:1)
  6 jackals
  6 quokkas
  3 frilled lizards
  3 goblins
  6 kobolds
  21 rats
71 creatures vanquished.

Notes
Turn   | Place    | Note
-------+----------+-------------------------------------------
     0 | D:1      | Sweetruy1997 the Minotaur Berserker began the quest for the
                  | Orb.
     0 | D:1      | Reached XP level 1. HP: 19/19 MP: 0/0
   161 | D:1      | Reached skill level 4 in Axes
   161 | D:1      | Reached XP level 2. HP: 27/27 MP: 1/1
   805 | D:1      | Reached XP level 3. HP: 28/33 MP: 2/2
   807 | D:1      | Reached ** piety under Trog
  1375 | D:2      | Reached XP level 4. HP: 40/40 MP: 3/3
  1381 | D:2      | Reached skill level 1 in Throwing
  1676 | D:2      | Found a hide-covered altar of Uskayaw.
  1834 | D:2      | Reached *** piety under Trog
  2082 | D:3      | Reached skill level 5 in Axes
  2086 | D:3      | Noticed Grinder
  2103 | D:3      | Killed from afar by Grinder

Illustrated notes

Levels and vault maps discovered:
D:1:      dpeg_arrival_orchard, layout_basic
D:2:      layout_basic, basic_altar, grunt_ministairs_15, minmay_rat_hole
D:3:      layout_rooms, gup_sewer_entry_pipe, uniq_grinder, uniq_sigmund,
          uniq_jessica, uniq_robin

Skill      XL: |  1  2  3  4 |
---------------+-------------+-----
Fighting       | 4 |  4.0
Axes           | 4 5 |  5.0
Throwing       | 1 |  1.9
Armour         | 3 |  3.0
Dodging        | 3 |  3.0
Stealth        | |  0.4

Action                   |  1- 3 |  4- 6 || total
-------------------------+-------+-------++-------
Melee: Hand axe          |    49 |    39 ||    88
       Headbutt          |     7 |     5 ||    12
Throw: Javelin           |    36 |    22 ||    58
Invok: Berserk           |       |     1 ||     1
  Use: Scroll            |       |     1 ||     1
Armor: Animal skin       |     5 |       ||     5
       Leather armour    |     9 |     5 ||    14
Dodge: Dodged            |    28 |    11 ||    39

Table legend: (Time is in decaauts)
 A = Elapsed time spent in this place.
 B = Non-inter-level travel time spent in this place.
 C = Inter-level travel time spent in this place.
 D = Time resting spent in this place.
 E = Time spent auto-exploring this place.
 F = Levels seen in this place.
 G = Mean time per level.
                   A        B        C        D        E       F      G
               +--------+--------+--------+--------+--------+-----+--------+
         Total |   2135 |   2092 |     43 |    127 |   1580 |   3 |  711.7 |
       Dungeon |   2135 |   2092 |     43 |    127 |   1580 |   3 |  711.7 |
               +--------+--------+--------+--------+--------+-----+--------+

Top non-repeatable levels by time:
     D:1: 1042 daAuts
     D:2: 872 daAuts
     D:3: 221 daAuts
